 Dungeon Crawl Stone Soup version 0.19-a0-1767-gb375097 (webtiles) character file.

1954 Bzzzz the Covert (level 8, -7/42 HPs)
             Began as a Spriggan Assassin on Oct 2, 2016.
             Was a Priest of Okawaru.
             Engulfed by a steam dragon's steam (14 damage)
             ... on level 7 of the Dungeon.
             The game lasted 00:16:53 (8537 turns).

Bzzzz the Covert (Spriggan Assassin)                Turns: 8537, Time: 00:16:54

Health: -7/42      AC:  4    Str:  7    XL:     8   Next: 99%
Magic:  9/9        EV: 27    Int: 13    God:    Okawaru [***...]
Gold:   357        SH:  0    Dex: 23    Spells: 0 memorised, 7 levels left

rFire  . . .     SeeInvis +     b - +1 blowgun
rCold  . . .     Gourm    .     c - +0 robe
rNeg   . . .     Faith    .     (shield restricted)
rPois  .         Spirit   .     (helmet restricted)
rElec  .         Dismiss  .     d - +1 cloak
rCorr  .         Reflect  .     (gloves unavailable)
MR     +....     Harm     .     (boots unavailable)
Stlth  +++++++...               (no amulet)
                                f - +4 ring of dexterity
                                l - +3 ring of evasion

@: very quick
A: unfitting armour, talons 1, thin skeletal structure 1, see invisible, clumsy
1, herbivore 3, speed 3, slow metabolism 2
a: Heroism, Renounce Religion


You were on level 7 of the Dungeon.
You worshipped Okawaru.
Okawaru was most pleased with you.
You were full.

You visited 2 branches of the dungeon, and saw 8 of its levels.
You also visited: Sewer.

You collected 357 gold pieces.

Inventory:

Hand Weapons
 a - a +2 dagger
 b - a +1 blowgun (weapon)
 o - a +1 short sword of venom
 s - a cursed -1 dagger
Missiles
 e - 8 poisoned needles (quivered)
Armour
 c - a +0 robe (worn)
 d - a +1 cloak (worn)
Jewellery
 f - a +4 ring of dexterity (right hand)
 l - a +3 ring of evasion (left hand)
 p - an uncursed ring of protection from magic
 u - an uncursed ring of resist corrosion {unknown}
Wands
 v - a wand of slowing (20/48)
 A - a wand of iceblast (8/15)
Scrolls
 h - 2 scrolls of blinking
 q - a scroll of remove curse
 x - a scroll of fog
 y - a scroll of amnesia
 z - a scroll of fear
 C - a scroll of magic mapping {unknown}
Potions
 i - 2 potions of might
 j - a potion of cure mutation {unknown}
 k - 4 potions of heal wounds {unknown}
 m - 3 potions of flight
 n - 2 potions of curing
 r - a potion of brilliance {unknown}
 t - a potion of haste {unknown}
 w - a potion of berserk rage {unknown}
 B - a potion of degeneration {unknown}
Comestibles
 g - 2 bread rations


   Skills:
 + Level 4.2 Fighting
 + Level 5.6 Short Blades
 + Level 4.9 Throwing
 + Level 6.6 Dodging
 * Level 11.9 Stealth


You had 7 spell levels left.
You didn't know any spells.

Dungeon Overview and Level Annotations

Branches:
Dungeon (7/15)             Temple (1/1) D:7

Altars:
Ashenzari
Cheibriados
Dithmenos
Elyvilon
Fedhas
Hepliaklqana
Makhleb
Nemelex Xobeh
Okawaru
Ru
Sif Muna
Trog
Uskayaw
Vehumet
Xom
Yredelemnul
Zin
The Shining One

Shops:
D:5 =


Innate Abilities, Weirdness & Mutations

You are very small and have problems with some larger weapons.
You are too small for most types of armour.
You have supernaturally acute eyesight. (SInv)
You are a herbivore.
You cover ground extremely quickly.
You need consume almost no food.
You have sharp toenails.
You have a somewhat thin skeletal structure. (Dex +2, Stealth)
You are clumsy. (Dex -2)


Message History

Press: ? - help, Shift-Dir - straight line, f/p - steam dragon
Aim: a steam dragon (severely wounded, poisoned)
You shoot a poisoned needle.
The poisoned needle completely misses the steam dragon.
The steam dragon breathes steam at you. The ball of steam misses you.
You are engulfed in a cloud of scalding steam.
Firing (i - inventory):
e - 9 poisoned needles (quivered)
Press: ? - help, Shift-Dir - straight line, f/p - steam dragon
Aim: a steam dragon (severely wounded, poisoned, catching its breath)
You shoot a poisoned needle.
The poisoned needle hits the steam dragon.
The steam dragon is severely wounded.
The steam dragon breathes steam at you. The ball of steam hits you!
* * * LOW HITPOINT WARNING * * *
You hear a croak.
You feel better.
You are engulfed in a cloud of scalding steam.
You die...

........#####..# #.##..(§.##.##
...>..#.....#..# ###.##.[#§o#.$#
......## #.##.###.......#o.§.#
.......# ##........#..o.(#§#l.#
............#.........##.#o...###
..####.####.##.#.#.#§.#..#.......
..# ... #....#...#o..(##.......
..# ....#....<§...o....>.......
.. ...#.##§§@§§D§.....(...... #
..............#.§#.#......
..#.#........##.#.##..... ..
#...####.#....###.... ....#
#>#....# #.... #...# #.#.##.#
##.$. ...#. #.#. #.# #.... ..###
..#. #.# #.... #....


You could see an orc warrior and an orc.

Vanquished Creatures
  A hippogriff (D:7)
  Eustachio (D:6)
  Edmund (D:4)
  Purgy (Sewer)
  4 ogres
  A sky beast (D:6)
  A centaur (D:5)
  A bullfrog (D:6)
  A scorpion (D:4)
  A bullfrog zombie (D:6)
  2 jellies (D:6)
  A hound (D:6)
  An orc priest (D:5)
  A centaur skeleton (D:4)
  2 iguanas
  5 orc wizards
  6 worker ants
  A hound skeleton (D:6)
  A worker ant zombie (D:5)
  A howler monkey skeleton (D:7)
  8 adders
  2 shadow imps
  An ooze (D:3)
  2 adder zombies
  An adder skeleton (D:4)
  7 worms
  3 dart slugs
  7 leopard geckos
  13 orcs
  8 bats
  4 giant cockroaches
  9 goblins
  6 hobgoblins
  5 jackals
  2 quokkas
  6 ball pythons
  8 frilled lizards
  9 kobolds
  8 rats
143 creatures vanquished.

Vanquished Creatures (others)
  2 orc wizards (D:7)
  A leopard gecko (D:7)
  A quokka (D:4)
4 creatures vanquished.

Grand Total: 147 creatures vanquished

Notes
Turn   | Place    | Note
-------+----------+-------------------------------------------
     0 | D:1      | Bzzzz the Spriggan Assassin began the quest for the Orb.
     0 | D:1      | Reached XP level 1. HP: 10/10 MP: 2/2
    46 | D:1      | Reached skill level 6 in Stealth
   170 | D:1      | Reached XP level 2. HP: 14/15 MP: 3/3
   607 | D:2      | Gained mutation: You have sharp toenails. [potion of mutation]
   607 | D:2      | Gained mutation: You have a somewhat thin skeletal structure. (Dex +2, Stealth) [potion of mutation]
   607 | D:2      | Gained mutation: You are clumsy. (Dex -2) [potion of mutation]
   779 | D:2      | Reached XP level 3. HP: 12/18 MP: 4/4
  1361 | D:2      | Reached XP level 4. HP: 17/23 MP: 5/5
  2628 | D:3      | Reached skill level 7 in Stealth
  2634 | D:3      | Reached XP level 5. HP: 3/26 MP: 6/6
  3055 | D:3      | Found a bloodstained altar of Trog.
  3068 | D:3      | Found an iron altar of Okawaru.
  3075 | D:3      | Became a worshipper of Warmaster Okawaru
  3593 | D:3      | Found a hazy altar of Hepliaklqana.
  3593 | D:3      | Found a blossoming altar of Fedhas.
  3896 | D:4      | Reached skill level 8 in Stealth
  3920 | D:4      | Reached XP level 6. HP: 21/32 MP: 7/7
  4172 | D:4      | Reached * piety under Okawaru
  4725 | D:4      | Found a white marble altar of Elyvilon.
  4963 | D:4      | Noticed Edmund
  5006 | D:4      | Killed Edmund
  5006 | D:4      | Reached skill level 9 in Stealth
  5006 | D:4      | Reached XP level 7. HP: 31/36 MP: 8/8
  5182 | D:4      | Found a deep blue altar of Sif Muna.
  5207 | D:5      | Entered Level 5 of the Dungeon
  5290 | D:5      | Found a glowing drain.
  5310 | Sewer    | Entered a sewer
  5360 | Sewer    | Noticed Purgy
  5385 | Sewer    | Killed Purgy
  5942 | D:5      | Reached ** piety under Okawaru
  5942 | D:5      | Reached skill level 5 in Dodging
  5942 | D:5      | Reached skill level 10 in Stealth
  6186 | D:5      | Reached XP level 8. HP: 41/41 MP: 9/9
  6326 | D:5      | Found Inig's Jewellery Boutique.
  6451 | D:6      | Noticed Eustachio
  6453 | D:6      | Killed Eustachio
  6453 | D:6      | Reached skill level 5 in Short Blades
  6457 | D:6      | Found a glowing golden altar of the Shining One.
  6734 | D:6      | Reached skill level 11 in Stealth
  7529 | D:7      | Found a shattered altar of Ashenzari.
  7553 | D:7      | Noticed a hippogriff
  7599 | D:7      | Killed a hippogriff
  7599 | D:7      | Reached *** piety under Okawaru
  7967 | D:7      | Found a staircase to the Ecumenical Temple.
  8009 | Temple   | Entered the Ecumenical Temple
  8536 | D:7      | HP: 1/42 [something/ball of steam (16)]
  8537 | D:7      | Engulfed by a steam dragon's steam

Vault maps used:
D:1:      minmay_arrival_up_and_down
D:2:      first_bread, st_stairs_3
D:3:      amethyst_overflow_temple_binary, gammafunk_temple_overflow_wave
D:4:      marbit_many_paths, elyvilon_altar_4, serial_glass, glass_columns_b,
          glass_columns_b, uniq_edmund
D:5:      serial_shops, kennysheep_mini, portal_sewer_entry_f, serial_glass,
          glass_columns_a, glass_columns_a
D:6:      tso_metal_star, uniq_eustachio
D:7:      old_standard_altar, serial_glass, glass_columns_b, glass_columns_a,
          ashenzari_altar_1, uniq_duvessa, uniq_prince_ribbit1
Temple:   bh_familiar_temple
Sewer:    sewer_co_purgy_island

Skill      XL: |  1  2  3  4  5  6  7  8 |
---------------+-------------------------+-----
Stealth        | 6 7 8 9 10 11 | 11.9
Dodging        | 2 3 4 5 6 |  6.6
Fighting       | 2 3 4 |  4.2
Short Blades   | 3 4 5 |  5.6
Throwing       | 3 4 |  4.9

Action                   |  1- 3 |  4- 6 |  7- 9 || total
-------------------------+-------+-------+-------++-------
Melee: Dagger            |    96 |    48 |       ||   144
       Kick              |    14 |    43 |    60 ||   117
       Short sword       |       |   142 |   201 ||   343
 Fire: Blowgun           |       |    27 |    25 ||    52
  Use: Scroll            |     7 |     5 |     2 ||    14
       Potion            |     1 |       |     1 ||     2
 Stab: Sleeping          |    10 |    16 |    17 ||    43
       Distracted        |     1 |     1 |       ||     2
  Eat: Fruit             |       |     1 |     2 ||     3
       Bread ration      |       |       |     1 ||     1
       Pizza             |       |       |     1 ||     1
Armor: Robe              |     8 |     9 |    13 ||    30
Dodge: Dodged            |    64 |   131 |   176 ||   371
